Map: Blackpink LE

Players

Deathcore

  • Race: Protoss Protoss
  • League: Gold
  • Spawn Location: 7:00

DakkoN

  • Race: Protoss Protoss
  • League: Master
  • Spawn Location: 1:00

Arjuna

  • Race: Terran Terran
  • League: Gold

Rodrago

  • Race: Terran Terran

VOD

Have the link to the VOD?

Description

Time

  • Played on: March 2, 2018, 3:27 p.m.
  • Length: 9:26
Show
View Real Time Build Order
Export as new Build Order

Deathcore Protoss 

Build Orders:  

Get SALT Encoding   

  12  0:02  Probe (Chrono Boost)  
  13  0:21  Pylon  
  13  0:30  Probe  
  14  0:42  Pylon  
  14  0:45  Probe  
  14  0:48  Gateway  
  15  0:57  Probe (Chrono Boost)  
  15  0:59  Assimilator  
  16  1:09  Probe (Chrono Boost)  
  17  1:16  Probe (Chrono Boost)  
  18  1:37  Cybernetics Core, Probe  
  19  1:49  Probe  
  20  2:01  Probe (Chrono Boost)  
  21  2:09  Forge  
  21  2:13  Assimilator, Probe (Chrono Boost), Adept  
  24  2:18  Probe (Chrono Boost)  
  25  2:27  Gateway  
  25  2:28  Probe  
  26  2:40  Probe  
  27  2:48  Twilight Council  
  27  2:52  Probe  
  28  3:04  Probe, Warp Gate  
  29  3:12  Gateway  
  29  3:13  Adept  
  31  3:25  Probe, Pylon  
  31  3:43  Adept, Probe, Nexus  
  31  3:45  Pylon  
  34  3:50  Adept, Resonating Glaives (Chrono Boost)  
  36  3:56  Probe  
  37  4:06  Pylon  
  37  4:07  Adept  
  39  4:16  Probe  
  40  4:25  Adept  
  42  4:34  Adept  
  42  4:37  Adept, Protoss Ground Weapons Level 1 (Chrono Boost)  
  44  4:46  Photon Cannon  
  36  5:24  Stalker x2  
  40  5:30  Probe  
  40  5:35  Probe  
  40  5:42  Probe  
  41  5:47  Probe  
  38  5:50  Pylon  
  38  5:55  Stalker x3  
  39  5:59  Probe  
  27  6:19  Stalker x3  
  30  6:43  Stalker x3, Nexus  
  30  6:46  Pylon  
  36  6:59  Protoss Ground Armor Level 1  
  36  7:06  Pylon  
  36  7:07  Shield Battery  
  36  7:11  Stalker  
  38  7:20  Probe  
  39  7:26  Robotics Facility  
  39  7:34  Stalker  
  41  7:40  Probe  
  42  7:53  Probe  
  42  7:54  Templar Archives  
  44  8:08  Probe (Chrono Boost)  
  44  8:19  Observer  
  46  8:21  Probe (Chrono Boost)  
  46  8:24  Probe (Chrono Boost)  
  47  8:29  Probe  
  47  8:34  Stalker  
  50  8:41  Probe  
  46  8:50  Stalker x2  
  46  8:53  Probe  
  29  9:05  Probe  
Show
View Real Time Build Order
Export as new Build Order

DakkoN Protoss 

Build Orders:  

Get SALT Encoding   

  12  0:01  SCV  
  13  0:13  SCV  
  14  0:17  Supply Depot  
  14  0:25  SCV  
  15  0:39  SCV  
  15  0:40  Barracks  
  16  0:56  SCV  
  17  0:58  Refinery  
  17  1:08  SCV  
  18  1:21  SCV  
  19  1:41  Supply Depot  
  19  1:44  Orbital Command  
  19  1:48  Barracks Reactor  
  19  1:54  Refinery  
  19  1:56  Command Center  
  19  2:14  SCV  
  20  2:26  SCV  
  20  2:27  Marine x2  
  23  2:38  SCV  
  23  2:40  Factory  
  24  2:44  Marine  
  24  2:45  Marine  
  25  3:06  SCV  
  26  3:18  Bunker, SCV  
  27  3:28  Orbital Command  
  27  3:32  SCV  
  27  3:33  Starport  
  28  3:37  Cyclone x2  
  34  3:53  SCV, Barracks Tech Lab  
  35  3:56  SCV  
  36  4:05  SCV  
  36  4:09  Cyclone x2  
  43  4:10  SCV  
  43  4:16  Refinery  
  44  4:17  SCV  
  44  4:19  Refinery  
  44  4:22  SCV, Engineering Bay  
  46  4:44  Supply Depot x2  
  46  4:45  Supply Depot  
  46  5:06  SCV x2  
  48  5:18  SCV x2  
  50  5:21  Raven  
  50  5:25  Cyclone x2  
  50  5:27  Barracks Reactor  
  58  5:30  SCV  
  58  5:31  Factory  
  58  5:34  SCV  
  60  5:42  SCV  
  61  5:46  SCV  
  62  5:53  Supply Depot  
  62  5:54  SCV  
  62  5:57  Supply Depot x2  
  63  5:58  SCV  
  64  6:06  SCV  
  64  6:10  SCV  
  63  6:13  Liberator  
  57  6:22  SCV  
  58  6:37  SCV, Supply Depot  
  58  6:38  Supply Depot  
  59  6:41  Supply Depot x2  
  59  6:43  Supply Depot  
  59  6:44  Barracks Reactor  
  59  6:45  Cyclone x2  
  65  6:48  Cyclone x2  
  65  6:49  SCV  
  72  7:04  Factory  
  72  7:17  Cyclone x2  
  72  7:20  Cyclone  
  81  7:23  Command Center  
  81  7:24  Liberator  
  81  7:25  Command Center  
  81  7:32  Armory  
  81  7:35  Armory  
  84  7:47  Barracks Tech Lab  
  84  7:49  Cyclone  
  87  8:12  Cyclone x2  
  93  8:18  Cyclone, Hellion x2  
Show
View Real Time Build Order
Export as new Build Order

Arjuna Terran 

Build Orders:  

Get SALT Encoding   

Show
View Real Time Build Order
Export as new Build Order

Rodrago Terran 

Build Orders:  

Get SALT Encoding   

Tags
 
Add a new tag
Caveats
  • Supply blocks, unpowered buildings, or Contaminate may cause inaccurate times.
  • Supply counts are checked every 10 seconds.